 Dungeon Crawl Stone Soup version 0.28.0-53-g5a82cb258f (webtiles) character file.

Game seed: 7780823715835032255

31470 firemarshallily the Thaumaturge (level 13, -4/99 HPs)
             Began as a Gnoll Wanderer on July 8, 2022.
             Was an Initiate of Gozag.
             Slain by a +2 long sword of holy wrath (16 damage)
             ... on level 3 of the Abyss on July 28, 2022.
             The game lasted 01:24:41 (20631 turns).

firemarshallily the Thaumaturge (Gnoll Wanderer)   Turns: 20631, Time: 01:24:42

Health: -4/99      AC: 31    Str: 16    XL:     13   Next: 58%
Magic:  23/23      EV:  3    Int: 16    God:    Gozag
Gold:   2267       SH:  0    Dex:  8    Spells: 27/36 levels left

rFire   + . .      SeeInvis +   k - +10 spear of Focus {drain, rElec Will+}
rCold   + . .      Faith    .   (no shield)
rNeg    + . .      Spirit   .   A - +9 scales of the Dragon King {rPois rF+ rC+ Will+}
rPois   +          Reflect  .   e - +2 helmet {SInv}
rElec   +          Harm     .   C - +1 cloak {rCorr}
rCorr   +          Rampage  .   (no gloves)
Will    ++...                   (no boots)
Stlth   ..........              (no amulet)
HPRegen 0.26/turn               a - ring of poison resistance
MPRegen 0.18/turn               Q - ring of positive energy

@: about to teleport, glowing
A: fangs 1, strong nose, distributed training, [low MP 2]
a: Renounce Religion, Potion Petition, Call Merchant, Bribe Branch


You were on level 3 of the Abyss.
You worshipped Gozag.
Gozag was most pleased with you.
You visited 3 branches of the dungeon, and saw 17 of its levels.
You visited the Abyss 1 time.
You also visited: Bailey.

You collected 3186 gold pieces.
You paid 919 gold pieces to Gozag.

Inventory:

Hand Weapons
 k - the +10 spear of Focus (weapon) {drain, rElec Will+}
   (You found it on level 5 of the Dungeon)

   A truly terrible weapon, it drains the life of any living foe it strikes.
   rElec:     It insulates you from electricity.
   Will:      It increases your willpower.
 I - the +11 longbow "Obassippozur" {venom, rElec Str+4 Stlth+}
   (You found it on level 6 of the Dungeon)

   Any ammunition fired from it poisons the flesh of those it strikes.
   Str:       It affects your strength (+4).
   rElec:     It insulates you from electricity.
   Stlth:     It makes you more stealthy.
 S - the +6 falchion "Ufusum" {vorpal, *Slow rPois Str+8 Dex+2}
   (You found it on level 1 of the Lair of Beasts)

   It inflicts extra damage upon your enemies.
   Str:       It affects your strength (+8).
   Dex:       It affects your dexterity (+2).
   rPois:     It protects you from poison.
   *Slow:     It may slow you when you take damage.
Missiles
 o - 38 poisoned darts (quivered)
 u - 125 arrows
 x - 3 throwing nets
 U - 6 javelins
Armour
 d - a +0 ring mail
 e - a +2 helmet of see invisible (worn)
 q - a scarf of resistance
 A - the +9 scales of the Dragon King (worn) {rPois rF+ rC+ Will+}
   (You found it on level 4 of the Dungeon)

   rF:        It protects you from fire.
   rC:        It protects you from cold.
   rPois:     It protects you from poison.
   Will:      It increases your willpower.
 C - a +1 cloak of preservation (worn)
Jewellery
 a - a ring of poison resistance (left hand)
 P - a ring of ice
 Q - a ring of positive energy (right hand)
 V - a ring of magical power
Wands
 i - a wand of flame (23)
 m - a wand of digging (12)
 z - a wand of iceblast (6)
 D - a wand of mindburst (30)
 G - a wand of charming (7)
 K - a wand of acid (7)
 R - a wand of paralysis (6)
Scrolls
 g - 2 scrolls of magic mapping
 l - 2 scrolls of fear
 y - 4 scrolls of teleportation
 F - a scroll of immolation
 L - a scroll of holy word
 T - a scroll of fog
 Z - a scroll of amnesia
Potions
 b - 3 potions of attraction
 f - 2 potions of mutation
 p - 5 potions of cancellation
 r - 5 potions of lignification
 t - a potion of resistance {unknown}
 v - 2 potions of curing
 w - 2 potions of flight {unknown}
 B - 2 potions of haste {unknown}
 E - a potion of ambrosia {unknown}
 H - a potion of berserk rage
 W - a potion of might {unknown}
 Y - a potion of brilliance
Miscellaneous
 J - a tin of tremorstones (2/2)
 M - a condenser vane
 N - a phial of floods
 O - a box of beasts


   Skills:
 + Level 8.4 Fighting
 + Level 8.4 Short Blades
 + Level 8.4 Long Blades
 + Level 8.4 Axes
 + Level 8.4 Maces & Flails
 + Level 8.4 Polearms
 + Level 8.4 Staves
 + Level 8.4 Slings
 + Level 8.4 Bows
 + Level 8.4 Crossbows
 + Level 8.4 Throwing
 + Level 8.4 Armour
 + Level 8.4 Dodging
 + Level 8.4 Stealth
 + Level 8.4 Shields
 + Level 8.4 Unarmed Combat
 + Level 12.4 Spellcasting
 + Level 7.0 Conjurations
 + Level 9.0 Hexes
 + Level 7.0 Summonings
 + Level 7.0 Necromancy
 + Level 7.0 Translocations
 + Level 7.0 Transmutations
 + Level 7.0 Fire Magic
 + Level 7.0 Ice Magic
 + Level 7.0 Air Magic
 + Level 7.0 Earth Magic
 + Level 7.0 Poison Magic
 + Level 9.2 Invocations
 + Level 9.6 Evocations


You had 27 spell levels left.
You knew the following spells:

 Your Spells              Type           Power      Damage    Failure   Level
a - Foxfire               Conj/Fire      100%       2x1d9     80%         1
b - Animate Skeleton      Necr           64%        N/A       80%         1
c - Slow                  Hex            100%       N/A       52%         1
d - Searing Ray           Conj           64%        2d6       91%         2
e - Inner Flame           Hex/Fire       35%        N/A       95%         3
f - Summon Small Mammal   Summ           100%       N/A       80%         1

Your spell library contained the following spells:

 Spells                   Type           Power      Damage    Failure   Level
 Apportation              Tloc           64%        N/A       80%         1
 Static Discharge         Conj/Air       32%        N/A       91%         2
 Sublimation of Blood     Necr           32%        N/A       91%         2
 Summon Guardian Golem    Hex/Summ       35%        N/A       95%         3
 Conjure Flame            Conj/Fire      32%        6-21      99%         3
 Ignite Poison            Fire/Tmut/Pois 32%        N/A       99%         3
 Mephitic Cloud           Conj/Pois/Air  32%        N/A       99%         3
 Petrify                  Tmut/Erth      32%        N/A       100%        4
 Freezing Cloud           Conj/Ice/Air   16%        6-21      100%        5
 Irradiate                Conj/Tmut      16%        3d18      100%        5
 Lightning Bolt           Conj/Air       16%        1d30      100%        5
 Manifold Assault         Tloc           32%        N/A       100%        5
 Dispersal                Tloc           16%        N/A       100%        6
 Orb of Destruction       Conj           16%        9d7       100%        7
 Spellforged Servitor     Conj/Summ      16%        N/A       100%        7
 Disjunction              Tloc           16%        N/A       100%        8
 Maxwell's Capacitive Co  Air            16%        ∞         100%        8


Dungeon Overview and Level Annotations

Branches:
Dungeon (13/15)            Temple (1/1) D:4            Lair (3/6) D:11
 Spider (0/4) Lair:2          Orc (0/2) D:12         Bailey (visited)
  Swamp: Lair:2-4    Shoals: Lair:2-4    Vaults: D:13-14

Altars:
Ashenzari
Cheibriados
Dithmenos
Elyvilon
Fedhas
Gozag
Hepliaklqana
Kikubaaqudgha
Makhleb
Nemelex Xobeh
Okawaru
Qazlal
Ru
Sif Muna
Trog
Uskayaw
Vehumet
Wu Jian
Xom
Yredelemnul
Zin
The Shining One

Shops:
D:8 *   D:11 *

Annotations:
Lair:1 6 runed translucent doors, Maggie
Lair:3 Sonja


Innate Abilities, Weirdness & Mutations

You have very sharp teeth.
Your uncanny sense of smell can sniff out nearby items.
Your experience applies equally to all skills.
[Your magical capacity is very low. (-20% MP)]


Message History

The chaos spawn is lightly wounded.
You puncture the chaos spawn!
The chaos spawn is heavily wounded.
The chaos spawn hits you. The chaos spawn freezes you! You resist.
* * * LOW HITPOINT WARNING * * *
You feel better. The chaos spawn gores you.
You are engulfed in flames.
You resist.
* * * LOW HITPOINT WARNING * * *
You hit the chaos spawn.
The chaos spawn is severely wounded.
The chaos spawn barely misses you.
You puncture the chaos spawn! Your bite misses the chaos spawn.
The chaos spawn is almost dead.
You puncture the chaos spawn!
You kill the chaos spawn!
That felt strangely unrewarding.
The chaos spawn degenerates into a cloud of primal chaos!
You start resting.
You flicker for a moment.
You open the gate.
An angel and a +2 long sword of holy wrath come into view.
The angel is wielding a +1 whip of holy wrath.
The angel shouts!
As you read the scroll of teleportation, it crumbles to dust.
You feel strangely unstable.
You feel the power of the Abyss delaying your translocation!
You feel a little less mighty now.
The angel hits you but does no damage. x2
The angel hits you with a +1 whip of holy wrath!
* * * LOW HITPOINT WARNING * * *
The angel hits you but does no damage.
The +2 long sword of holy wrath hits you.
* * * LOW HITPOINT WARNING * * *
The angel hits you but does no damage. x2
You flicker back into view.
The +2 long sword of holy wrath hits you!
* * * LOW HITPOINT WARNING * * *
The +2 long sword of holy wrath hits you!
You die...
Your body crumbles into a pile of gold.

.. ## .. #. #
.. ≈≈ #.##. ≈
...####.#♣#.#
#....#.≈≈≈
#....≈≈♣≈#
#.@.≈≈≈# #
#(###.#≈.#
###A####..#≈##
#.....∩....≈≈.
##..#'''#..≈##
##..#...# .#
....#.⌠.# #
...#...#
.#..##.##


You could see an angel and a +2 long sword of holy wrath.

Vanquished Creatures
  Nessos (D:12)
  Harold (D:9)
  An ogre mage (D:10)
  4 boulder beetles
  A centaur warrior (D:10)
  2 hydras (Lair:2)
  2 two-headed ogres
  A catoblepas (D:10)
  A tengu warrior (D:10)
  An orc knight (Bailey)
  A manticore (D:10)
  4 cyclopes
  2 black mambas
  A gargoyle (D:11)
  4 cane toads
  4 komodo dragons
  2 unseen horrors
  4 kobold demonologists
  A freezing wraith (D:12)
  3 trolls
  A queen bee (shapeshifter) (D:10)
  A tarantella (Lair:1)
  3 hornets
  3 slime creatures
  A jumping spider (Lair:1)
  3 flying skulls (Abyss:2)
  A vampire (D:12)
  A shadow (D:11)
  A jumping spider (shapeshifter) (D:10)
  2 wyverns
  2 wraiths (D:10)
  3 basilisks
  31 yaks
  A chaos spawn (Abyss:3)
  2 redbacks (Lair:1)
  2 acid dragons
  10 water moccasins
  6 orc warriors
  3 black bears
  An ice beast (D:6)
  2 ogres
  3 centaurs
  9 wolves
  A phantom (D:6)
  5 kobold brigands
  3 scorpions
  6 bullfrogs
  3 water moccasin skeletons
  A wyvern skeleton (D:6)
  9 killer bees (D:9)
  4 wights (D:6)
  3 electric eels (D:11)
  A howler monkey (D:11)
  7 centaur zombies
  Crazy Yiuf (D:7)
  A bullfrog zombie (D:5)
  An iron imp (Abyss:1)
  6 hounds
  A jelly (D:8)
  An orc priest (D:6)
  A bullfrog skeleton (D:6)
  Natasha (thrice) (D:3)
  3 iguanas
  3 orc wizards
  A hound skeleton (D:4)
  3 howler monkey zombies
  3 gnolls (D:4)
  7 adders
  A shadow imp (D:6)
  5 worms
  A dart slug (D:3)
  37 orcs
  8 ball pythons
  8 endoplasms
  10 giant cockroaches
  7 goblins
  A hobgoblin (D:8)
  3 jackals (D:1)
  5 quokkas
  7 bats
  5 frilled lizards
  20 kobolds
  A quokka skeleton (D:4)
  2 rats (D:3)
332 creatures vanquished.

Vanquished Creatures (others)
  2 dancing weapons (Abyss:3)
  171 foxfires
  8 fungi
  12 plants
193 creatures vanquished.

Grand Total: 525 creatures vanquished

Notes
Turn   | Place    | Note
-------+----------+-------------------------------------------
     0 | D:1      | Reached skill level 9 in Spellcasting
     0 | D:1      | firemarshallily the Gnoll Wanderer began the quest for the
                  | Orb.
     0 | D:1      | firemarshallily set off with the following items: a +0
                  | club, a +0 robe, a piece from Xom's chessboard (15/15); and
                  | the following spells available to memorise: Slow, Animate
                  | Skeleton, Foxfire, Inner Flame, Searing Ray, Conjure Flame
     0 | D:1      | Reached XP level 1. HP: 13/13 MP: 10/10
     2 | D:1      | Learned a level 1 spell: Foxfire
     4 | D:1      | Learned a level 1 spell: Animate Skeleton
     6 | D:1      | Learned a level 1 spell: Slow
   324 | D:1      | Reached XP level 2. HP: 19/19 MP: 7/12
  1155 | D:2      | Found a faded altar of an unknown god.
  1166 | D:2      | Prayed at the altar of an unknown god.
  1166 | D:2      | Became a worshipper of Ru the Awakened
  1167 | D:2      | Fell from the grace of Ru
  1204 | D:2      | Reached XP level 3. HP: 25/25 MP: 10/13
  1256 | D:2      | Learned a level 2 spell: Searing Ray
  1260 | D:2      | Learned a level 3 spell: Inner Flame
  1393 | D:2      | Reached skill level 1 in Invocations
  1960 | D:2      | Reached skill level 1 in Fighting
  1960 | D:2      | Reached skill level 1 in Short Blades
  1960 | D:2      | Reached skill level 1 in Long Blades
  1960 | D:2      | Reached skill level 1 in Axes
  1960 | D:2      | Reached skill level 1 in Maces & Flails
  1960 | D:2      | Reached skill level 1 in Polearms
  1960 | D:2      | Reached skill level 1 in Staves
  1960 | D:2      | Reached skill level 1 in Slings
  1960 | D:2      | Reached skill level 1 in Bows
  1960 | D:2      | Reached skill level 1 in Crossbows
  1960 | D:2      | Reached skill level 1 in Throwing
  1960 | D:2      | Reached skill level 1 in Armour
  1960 | D:2      | Reached skill level 1 in Dodging
  1960 | D:2      | Reached skill level 1 in Stealth
  1960 | D:2      | Reached skill level 1 in Shields
  1960 | D:2      | Reached skill level 1 in Unarmed Combat
  2021 | D:2      | Reached XP level 4. HP: 26/32 MP: 8/15
  2451 | D:3      | You fall into a shaft and drop 3 floors!
  2451 | D:6      | Noticed a kobold brigand
  2459 | D:5      | Entered Level 5 of the Dungeon
  2459 | D:5      | Noticed a black bear
  2461 | D:5      | Noticed a scorpion
  2480 | D:5      | Killed a black bear
  2481 | D:5      | Reached skill level 1 in Conjurations
  2481 | D:5      | Reached skill level 1 in Summonings
  2481 | D:5      | Reached skill level 1 in Necromancy
  2481 | D:5      | Reached skill level 1 in Translocations
  2481 | D:5      | Reached skill level 1 in Transmutations
  2481 | D:5      | Reached skill level 1 in Fire Magic
  2481 | D:5      | Reached skill level 1 in Ice Magic
  2481 | D:5      | Reached skill level 1 in Air Magic
  2481 | D:5      | Reached skill level 1 in Earth Magic
  2481 | D:5      | Reached skill level 1 in Poison Magic
  2481 | D:5      | Reached XP level 5. HP: 24/37 MP: 16/16
  2686 | D:5      | Identified the +10 spear of Focus {drain, rElec Will+}
  2698 | D:5      | Reached XP level 6. HP: 44/44 MP: 13/18
  2733 | D:5      | Reached skill level 5 in Evocations
  2820 | D:3      | Noticed Natasha
  2824 | D:3      | Killed Natasha
  2872 | D:3      | Noticed Natasha
  2876 | D:3      | Killed Natasha
  3019 | D:3      | Learned a level 1 spell: Summon Small Mammal
  3037 | D:3      | Noticed Natasha
  3042 | D:3      | Killed Natasha
  3691 | D:4      | Reached XP level 7. HP: 40/50 MP: 20/20
  3709 | D:4      | Found a staircase to the Ecumenical Temple.
  3752 | Temple   | Entered the Ecumenical Temple
  4108 | Temple   | Became a worshipper of Gozag Ym Sagoz the Greedy
  4274 | D:4      | Found the +9 scales of the Dragon King {rPois rF+ rC+
                  | Will+}
  5162 | D:6      | Reached XP level 8. HP: 57/57 MP: 21/21
  5231 | D:6      | Noticed a hornet
  5398 | D:6      | Noticed a komodo dragon
  5895 | D:6      | Killed a hornet
  5912 | D:6      | Reached skill level 10 in Spellcasting
  6167 | D:6      | Found a shadowy altar of Dithmenos.
  6169 | D:6      | Identified the +11 longbow "Obassippozur" {venom, rElec
                  | Str+4 Stlth+}
  6379 | D:7      | Identified a scroll of acquirement
  6379 | D:7      | Acquired a ring of poison resistance
  6694 | D:7      | Reached XP level 9. HP: 65/65 MP: 18/23
  7165 | D:7      | Found a runed translucent door.
  7166 | D:7      | Noticed Crazy Yiuf
  7173 | D:7      | Killed Crazy Yiuf
  7673 | D:8      | Found a flagged portal.
  7699 | Bailey   | Entered a bailey
  8357 | Bailey   | Noticed an orc knight
  8380 | Bailey   | Killed an orc knight
  8381 | Bailey   | Reached skill level 5 in Invocations
  8599 | Bailey   | Got the Reference Book on Spatial Toxins
  8736 | D:8      | Found Moled's Neck Hole.
  9341 | D:9      | Reached XP level 10. HP: 33/73 MP: 18/24
  9694 | D:9      | Reached skill level 5 in Fighting
  9694 | D:9      | Reached skill level 5 in Short Blades
  9694 | D:9      | Reached skill level 5 in Long Blades
  9694 | D:9      | Reached skill level 5 in Axes
  9694 | D:9      | Reached skill level 5 in Maces & Flails
  9694 | D:9      | Reached skill level 5 in Polearms
  9694 | D:9      | Reached skill level 5 in Staves
  9694 | D:9      | Reached skill level 5 in Slings
  9694 | D:9      | Reached skill level 5 in Bows
  9694 | D:9      | Reached skill level 5 in Crossbows
  9694 | D:9      | Reached skill level 5 in Throwing
  9694 | D:9      | Reached skill level 5 in Armour
  9694 | D:9      | Reached skill level 5 in Dodging
  9694 | D:9      | Reached skill level 5 in Stealth
  9694 | D:9      | Reached skill level 5 in Shields
  9694 | D:9      | Reached skill level 5 in Unarmed Combat
 10201 | D:9      | Noticed Harold
 10225 | D:9      | Killed Harold
 10244 | D:9      | Noticed a two-headed ogre
 10372 | D:9      | Killed a two-headed ogre
 11168 | D:10     | Entered Level 10 of the Dungeon
 11528 | D:10     | Noticed a cyclops
 11547 | D:10     | Reached skill level 11 in Spellcasting
 11553 | D:10     | Killed a cyclops
 11554 | D:10     | Reached XP level 11. HP: 60/81 MP: 23/26
 11840 | D:10     | Reached skill level 5 in Conjurations
 11840 | D:10     | Reached skill level 5 in Summonings
 11840 | D:10     | Reached skill level 5 in Necromancy
 11840 | D:10     | Reached skill level 5 in Translocations
 11840 | D:10     | Reached skill level 5 in Transmutations
 11840 | D:10     | Reached skill level 5 in Fire Magic
 11840 | D:10     | Reached skill level 5 in Ice Magic
 11840 | D:10     | Reached skill level 5 in Air Magic
 11840 | D:10     | Reached skill level 5 in Earth Magic
 11840 | D:10     | Reached skill level 5 in Poison Magic
 12324 | D:10     | Noticed an ogre mage
 12324 | D:10     | Noticed a centaur warrior
 12345 | D:10     | Killed a centaur warrior
 12463 | D:10     | Killed an ogre mage
 12601 | D:10     | Noticed a cyclops
 12606 | D:10     | Killed a cyclops
 12617 | D:10     | Noticed a manticore
 12626 | D:10     | Killed a manticore
 12745 | D:10     | Noticed a boulder beetle
 12814 | D:10     | Killed a boulder beetle
 13017 | D:10     | Noticed a tengu warrior
 13017 | D:10     | Noticed a salamander
 13019 | D:10     | Noticed a catoblepas
 13020 | D:10     | a salamander changed into a queen bee
 13026 | D:10     | Killed a tengu warrior
 13045 | D:10     | Killed a catoblepas
 13046 | D:10     | Reached XP level 12. HP: 62/89 MP: 27/27
 13198 | D:10     | Identified the ring of Makhleb's Regard {rF+ rN+ Will+
                  | rCorr Str-5}
 13395 | D:11     | Noticed a two-headed ogre
 13395 | D:11     | Noticed a boulder beetle
 13549 | D:11     | Found a white marble altar of Elyvilon.
 13589 | D:11     | Killed a boulder beetle
 13806 | D:11     | Found a staircase to the Lair.
 13839 | D:11     | Killed a two-headed ogre
 14089 | D:11     | Found a blossoming altar of Fedhas.
 14666 | D:11     | Found Xopargh's Serpentskin Sales.
 15290 | D:12     | Noticed Nessos
 15290 | D:12     | Noticed a boulder beetle
 15537 | D:12     | Killed Nessos
 15754 | D:12     | Noticed a boulder beetle
 15766 | D:12     | Killed a boulder beetle
 15767 | D:12     | Reached skill level 12 in Spellcasting
 16050 | D:12     | Killed a boulder beetle
 16180 | D:12     | Found a staircase to the Orcish Mines.
 16461 | Lair:1   | Entered Level 1 of the Lair of Beasts
 16631 | Lair:1   | Reached XP level 13. HP: 98/98 MP: 29/29
 17249 | Lair:1   | Identified the +6 falchion "Ufusum" {vorpal, *Slow rPois
                  | Str+8 Dex+2}
 17351 | Lair:1   | Found a runed translucent door.
 17506 | Lair:1   | Found a runed translucent gate.
 17506 | Lair:1   | Found a runed translucent gate.
 17506 | Lair:1   | Found a runed translucent gate.
 17506 | Lair:1   | Found a runed translucent gate.
 17506 | Lair:1   | Noticed Maggie
 17508 | Lair:1   | Found a runed translucent gate.
 17780 | Lair:1   | Found a runed translucent gate.
 18632 | Lair:2   | Found a hole to the Spider Nest.
 20197 | Lair:3   | Noticed Sonja
 20209 | Lair:3   | Cast into level 1 of the Abyss (Sonja)
 20289 | Abyss:1  | Noticed a rakshasa
 20497 | Abyss:2  | Noticed a bone dragon
 20625 | Abyss:3  | Noticed an angel
 20631 | Abyss:3  | Slain by a +2 long sword of holy wrath

Illustrated notes

Levels and vault maps discovered:
D:1:      eino_arrival_cavern_d, layout_loops_cross
D:2:      cheibrodos_old_hovel, layout_basic, ebering_ecumenical_altar_ruins
D:3:      layout_basic, uniq_natasha
D:4:      nicolae_cairo_tiling_very_big, layout_basic, temple_green
D:5:      layout_basic
D:6:      layout_loops_ring, mainiacjoe_overflow_brackets
D:7:      layout_loops_corners, uniq_crazy_yiuf_cottage
D:8:      layout_loops_ring, enter_bailey_4, minivault_19,
          nicolae_shop_sticking_my_neck_out
D:9:      layout_stronghold, uniq_harold
D:10:     minmay_the_grid_triangle_9x9_rhombus_full
          [minmay_the_grid_triangle_9x9_windchime,
          minmay_the_grid_triangle_9x9_from_above,
          minmay_the_grid_triangle_9x9_impossible_snake,
          minmay_the_grid_triangle_9x9_negative_grid,
          minmay_the_grid_triangle_9x9_limited_checkers,
          minmay_the_grid_triangle_9x9_steps,
          minmay_the_grid_triangle_9x9_warning,
          minmay_the_grid_triangle_9x9_prize_center], layout_rooms,
          minmay_sticks_and_stones
D:11:     layout_gridville, erik_lair_island, grunt_ogre_cave,
          hangedman_feature_mirror, st_stairs_9, guppyfry_shop_venom
D:12:     layout_basic, orc_0_dummy, uniq_nessos
D:13:     layout_basic, uniq_josephine
Temple:   mainiacjoe_temple_circle_huts
Lair:1:   gammafunk_indiana_jones, layout_regular_city, uniq_maggie
Lair:2:   layout_cave_pods, nicolae_spider_entry_non_spiders
Lair:3:   layout_regular_city, lemuel_fruit_fields, uniq_sonja
Abyss:3:  base: Lair:3, evilmike_abyss_exit_plants, hangedman_decor_lopped,
          hangedman_abyss_or_decor_stagger, evilmike_abyss_rune_tso_outpost

Skill      XL: |  1  2  3  4  5  6  7  8  9 10 11 12 13 |
---------------+----------------------------------------+-----
Spellcasting   | 10 11 12 | 12.4
Invocations    | 1 2 3 4 5 6 7 8 9 |  9.2
Fighting       | 1 2 3 4 5 6 7 8 |  8.4
Short Blades   | 1 2 3 4 5 6 7 8 |  8.4
Long Blades    | 1 2 3 4 5 6 7 8 |  8.4
Axes           | 1 2 3 4 5 6 7 8 |  8.4
Maces & Flails | 1 2 3 4 5 6 7 8 |  8.4
Polearms       | 1 2 3 4 5 6 7 8 |  8.4
Staves         | 1 2 3 4 5 6 7 8 |  8.4
Slings         | 1 2 3 4 5 6 7 8 |  8.4
Bows           | 1 2 3 4 5 6 7 8 |  8.4
Crossbows      | 1 2 3 4 5 6 7 8 |  8.4
Throwing       | 1 2 3 4 5 6 7 8 |  8.4
Armour         | 1 2 3 4 5 6 7 8 |  8.4
Dodging        | 1 2 3 4 5 6 7 8 |  8.4
Stealth        | 1 2 3 4 5 6 7 8 |  8.4
Shields        | 1 2 3 4 5 6 7 8 |  8.4
Unarmed Combat | 1 2 3 4 5 6 7 8 |  8.4
Conjurations   | 1 2 3 4 5 6 7 |  7.0
Summonings     | 1 2 3 4 5 6 7 |  7.0
Necromancy     | 1 2 3 4 5 6 7 |  7.0
Translocations | 1 2 3 4 5 6 7 |  7.0
Transmutations | 1 2 3 4 5 6 7 |  7.0
Fire Magic     | 1 2 3 4 5 6 7 |  7.0
Ice Magic      | 1 2 3 4 5 6 7 |  7.0
Air Magic      | 1 2 3 4 5 6 7 |  7.0
Earth Magic    | 1 2 3 4 5 6 7 |  7.0
Poison Magic   | 1 2 3 4 5 6 7 |  7.0
Evocations     | 5 6 7 8 9 |  9.6
Hexes          | 6 7 8 9 |  9.0

Action                   |  1- 3 |  4- 6 |  7- 9 | 10-12 | 13-15 || total
-------------------------+-------+-------+-------+-------+-------++-------
Melee: Club              |     2 |       |       |       |       ||     2
       Dagger            |    16 |     9 |       |       |       ||    25
       Bite              |     1 |     1 |     7 |    86 |    30 ||   125
       Spear             |       |    33 |   280 |   558 |   318 ||  1189
       Punch             |       |       |     5 |    28 |    21 ||    54
 Fire: Longbow           |       |       |       |    61 |    55 ||   116
Throw: Dart              |       |       |     5 |       |     1 ||     6
 Cast: Foxfire           |    78 |    19 |     6 |       |       ||   103
       Slow              |     1 |     2 |     2 |     5 |       ||    10
       Searing Ray       |       |     1 |     2 |     3 |       ||     6
       Animate Skeleton  |       |     1 |       |       |       ||     1
       Summon Small Mamm |       |       |    16 |    13 |       ||    29
       Inner Flame       |       |       |       |     1 |       ||     1
Invok: Renounce Religion |     1 |       |       |       |       ||     1
       Potion Petition   |       |       |       |       |     2 ||     2
Evoke: Piece from Xom's  |       |     4 |       |       |       ||     4
       Wand              |       |       |       |     6 |       ||     6
  Use: Scroll            |       |     6 |    11 |     6 |     7 ||    30
       Potion            |       |     3 |       |     4 |     8 ||    15
 Stab: Petrified         |       |     4 |       |       |       ||     4
       Sleeping          |       |     1 |     3 |     3 |       ||     7
       Distracted        |       |       |     1 |     2 |     1 ||     4
       Invisible         |       |       |       |       |     3 ||     3
Armor: Robe              |     3 |       |       |       |       ||     3
       Leather armour    |     2 |     6 |     3 |       |       ||    11
       Ring mail         |       |       |    53 |    80 |       ||   133
       Gold dragon scale |       |       |    49 |   285 |   259 ||   593
Dodge: Dodged            |    19 |    17 |    84 |   140 |    35 ||   295
